[Event "*** Titled Tuesday Blitz"]
[Site "Chess.com"]
[Date "2021.03.09"]
[Round "4"]
[White "hellokostya"]
[Black "andrewtnb"]
[Result "1-0"]
[WhiteElo "2531"]
[BlackElo "2325"]
[TimeControl "180+1"]
[EndTime "10:39:34 PST"]
[Termination "hellokostya won by resignation"]

1. d4 d5 2. c4 dxc4 3. e4 c5 4. d5 Nf6 5. Nc3 e6 6. Nf3 a6 7. a4 exd5 8. exd5 Bd6 9. Qe2+ Qe7 10. Qxe7+ Kxe7 11. Bxc4 Re8 12. O-O Bg4 13. Ng5 Kf8 14.
h3 Bf5 15. Be3 h6 16. Nf3 Nbd7 17. a5 g5 18. Rac1 Ne4 19. h4 f6 20. Rfe1 Kf7 21.
Na4 g4 22. Nd2 Nxd2 23. Bxd2 Rxe1+ 24. Rxe1 Ne5 25. Nb6 Rd8 26. Bxh6 Bc7 27. d6+ Nxc4 28. dxc7 1-0

[Event "*** Titled Tuesday Blitz"]
[Site "Chess.com"]
[Date "2021.03.09"]
[Round "4"]
[White "Andrakhanova"]
[Black "HackingKid98"]
[Result "0-1"]
[WhiteElo "2274"]
[BlackElo "2458"]
[TimeControl "180+1"]
[EndTime "10:39:35 PST"]
[Termination "HackingKid98 won by resignation"]

1. c4 c6 2. e4 d5 3. exd5 cxd5 4.
d4 Nf6 5. Nc3 g6 6. Nf3 Bg7 7.
Qb3 O-O 8. cxd5 Na6 9. Bg5 Nc7 10. Bxf6 Bxf6 11. Be2 b5 12. Bxb5 Rb8 13. Qc4 Nxb5 14.
Nxb5 Qa5+ 15. Nc3 Rxb2 16. O-O Ba6 17. Qa4 Qxa4 18. Nxa4 Rb4 19. Nc5 Bxf1 20. Rxf1 Bxd4 21. Nb3 Bb6 22. Ne5 Rb5 23. Nc6 Re8 24. Rd1 Kf8 25. g3 Rc8 26. h4 e6 27. Ne5 Rxd5 28. Re1 Rc2 29. Ng4 Rxa2 0-1

[Event "*** Titled Tuesday Blitz"]
[Site "Chess.com"]
[Date "2021.03.09"]
[Round "4"]
[White "Aradhya2000"]
[Black "Nayemhaque22"]
[Result "1-0"]
[WhiteElo "2535"]
[BlackElo "2327"]
[TimeControl "180+1"]
[EndTime "10:39:38 PST"]
[Termination "Aradhya2000 won by resignation"]

1. d4 Nf6 2. c4 e6 3. Nf3 d5 4. Nc3 Bb4 5. Qb3 c5 6. dxc5 Nc6 7. Bg5 d4 8. O-O-O Bxc5 9. e3 e5 10.
exd4 exd4 11. Bxf6 Qxf6 12. Nd5 Qh6+ 13. Kb1 O-O 14.
Bd3 Be6 15. Qxb7 Bxd5 16. cxd5 Nb4 17. d6 Qxd6 18. Qe4 f5 19. Bc4+ Kh8 20. Qe6 Rad8 21. Ng5 Qc7 22. a3 Nc6 23. Rhe1 Na5 24. Nf7+ Rxf7 25.
Qxf7 Qb6 26. Re8+ 1-0

[Event "*** Titled Tuesday Blitz"]
[Site "Chess.com"]
[Date "2021.03.09"]
[Round "4"]
[White "JimmmyZhang"]
[Black "olksuna"]
[Result "1-0"]
[WhiteElo "2431"]
[BlackElo "2657"]
[TimeControl "180+1"]
[EndTime "10:39:42 PST"]
[Termination "JimmmyZhang won by resignation"]

1. d4 Nf6 2. Nf3 e6 3. Bf4 b6 4.
e3 Bb7 5. Nbd2 Be7 6. Bd3 c5 7. c3 O-O 8. h3 d6 9. O-O Nbd7 10. e4 Re8 11. e5 dxe5 12. dxe5 Nd5 13. Bg3 Nf8 14.
Nc4 Ng6 15. Bxg6 hxg6 16. Nd6 Bxd6 17. exd6 Nf6 18. Ne5 Ne4 19. d7 Re7 20. Bh4 g5 21. f3 gxh4 22. fxe4 f6 23. Ng6 Rxd7 24. Qh5 Qc7 25.
Rxf6 gxf6 26. Qh8+ Kf7 27. Qh7+ 1-0

[Event "*** Titled Tuesday Blitz"]
[Site "Chess.com"]
[Date "2021.03.09"]
[Round "4"]
[White "DanielDardha2005"]
[Black "zajka-molotok"]
[Result "1-0"]
[WhiteElo "2682"]
[BlackElo "2505"]
[TimeControl "180+1"]
[EndTime "10:39:43 PST"]
[Termination "DanielDardha2005 won by resignation"]

1. c4 c6 2. e4 d5 3. exd5 cxd5 4. cxd5 Nf6 5. Qa4+ Nbd7 6. Nc3 g6 7. Nf3 Bg7 8. Bc4 O-O 9. d3 Nb6 10. Qb3 Bf5 11. O-O Rc8 12. Rd1 Bg4 13. Bf4 Bxf3 14. gxf3 Qd7 15. Re1 Qf5 16. Bg3 Qxf3 17. Rxe7 Ng4 18.
Qd1 Qxd1+ 19. Rxd1 Nxc4 20. dxc4 Rxc4 21. Rxb7 a5 22. d6 Rd8 23. Rc7 Rb4 24. Nd5 Rxb2 25. Ne7+ Kf8 26. Nc6 Bf6 27. Nxd8 Bxd8 28. Rc8 Ke8 29. d7+ Ke7 30. Rxd8 Kxd8 31. Bc7+ 1-0

[Event "*** Titled Tuesday Blitz"]
[Site "Chess.com"]
[Date "2021.03.09"]
[Round "4"]
[White "CM_rui"]
[Black "Evachess2006"]
[Result "1-0"]
[WhiteElo "2392"]
[BlackElo "1589"]
[TimeControl "180+1"]
[EndTime "10:39:43 PST"]
[Termination "CM_rui won on time"]

1. e4 e5 2. Nc3 Nc6 3. f4 exf4 4. Nf3 Bb4 5. d4 Nf6 6. Bd3 d5 7. e5 Ne4 8. Bd2 Nxd2 9. Qxd2 Bg4 10. Qxf4 Qd7 11.
a3 Ba5 12. O-O Bb6 13. Ne2 O-O-O 14. h3 Bh5 15. Bf5 1-0

[Event "*** Titled Tuesday Blitz"]
[Site "Chess.com"]
[Date "2021.03.09"]
[Round "4"]
[White "Kobalia"]
[Black "NikolaN98"]
[Result "1-0"]
[WhiteElo "2713"]
[BlackElo "2512"]
[TimeControl "180+1"]
[EndTime "10:39:44 PST"]
[Termination "Kobalia won on time"]

1. e4 e6 2. d3 d5 3. Nd2 Nf6 4.
Ngf3 c5 5. g3 Nc6 6. Bg2 Be7 7.
O-O O-O 8. Re1 b5 9. a4 b4 10.
exd5 exd5 11. d4 c4 12. Ne5 Nxd4 13. Ndxc4 Ne6 14. Nc6 Qc7 15. Nxe7+ Qxe7 16. Ne3 Bb7 17. Nf5 Qd7 18. b3 d4 19. Bb2 Bxg2 20. Kxg2 Rfd8 21. Qf3 Rac8 22. Rad1 Rxc2 23. Nxd4 Nxd4 24. Bxd4 1-0

[Event "*** Titled Tuesday Blitz"]
[Site "Chess.com"]
[Date "2021.03.09"]
[Round "4"]
[White "KubaGepard"]
[Black "WiktoriaPOL"]
[Result "1-0"]
[WhiteElo "2395"]
[BlackElo "2071"]
[TimeControl "180+1"]
[EndTime "10:39:45 PST"]
[Termination "KubaGepard won on time"]

1. e4 c5 2. Nf3 d6 3. Nc3 Nf6 4. d4 cxd4 5. Nxd4 a6 6. Be3 e5 7. Nf3 Be7 8. Bc4 Be6 9. Bb3 O-O 10. O-O Nbd7 11. Bxe6 fxe6 12. Ng5 Re8 13. Nxe6 Qa5 14.
a3 d5 15. b4 Bxb4 16. axb4 Qxb4 17. Nxd5 Qxe4 18. Nxf6+ Nxf6 19. Nc5 Qh4 20. h3 Rad8 21. Qb1 Rd6 22. Qb3+ Kh8 23. Qxb7 Nd5 24. Rxa6 Rxa6 25. Qxa6 1-0

[Event "*** Titled Tuesday Blitz"]
[Site "Chess.com"]
[Date "2021.03.09"]
[Round "4"]
[White "dropstoneDP"]
[Black "klimkoj"]
[Result "1-0"]
[WhiteElo "2903"]
[BlackElo "2610"]
[TimeControl "180+1"]
[EndTime "10:39:48 PST"]
[Termination "dropstoneDP won by resignation"]

1. d4 Nf6 2. c4 e6 3. Nf3 Bb4+ 4. Bd2 Qe7 5. g3 Bxd2+ 6. Qxd2 Nc6 7. Nc3 O-O 8. Bg2 d5 9. O-O dxc4 10. Ne5 Bd7 11. Rfd1 Rfd8 12. Nxc4 Be8 13. e3 Rab8 14. Qe2 Nd5 15.
Rac1 Nb6 16. a3 Nxc4 17. Qxc4 Na5 18. Qa2 Bc6 19. Bxc6 Nxc6 20. Ne4 Rd5 21. Nc5 Qd6 22. Qc4 b6 23. Ne4 Qd7 1-0

[Event "*** Titled Tuesday Blitz"]
[Site "Chess.com"]
[Date "2021.03.09"]
[Round "4"]
[White "Sanan_Sjugirov"]
[Black "dozer80"]
[Result "1-0"]
[WhiteElo "2892"]
[BlackElo "2585"]
[TimeControl "180+1"]
[EndTime "10:39:50 PST"]
[Termination "Sanan_Sjugirov won by resignation"]

1. d4 d5 2. Nf3 Nf6 3. Bf4 g6 4.
e3 Bg7 5. Be2 O-O 6. O-O b6 7.
c3 Bb7 8. h3 c5 9. Nbd2 Nc6 10.
Bh2 Rc8 11. Qb1 Nd7 12. b4 cxd4 13. cxd4 Re8 14. Qb3 e5 15. dxe5 Ncxe5 16. Rad1 Rc3 17. Qa4 Qa8 18. Bb5 Re7 19. Ba6 Bc6 20. b5 Nc5 21. Qh4 Nxf3+ 22. Nxf3 Re4 23. g4 Nxa6 24. Ng5 Re8 25.
Qxh7+ Kf8 26. Bd6+ 1-0

[Event "*** Titled Tuesday Blitz"]
[Site "Chess.com"]
[Date "2021.03.09"]
[Round "4"]
[White "Cambek64"]
[Black "Joseacorrea"]
[Result "1-0"]
[WhiteElo "2397"]
[BlackElo "2088"]
[TimeControl "180+1"]
[EndTime "10:39:51 PST"]
[Termination "Cambek64 won by resignation"]

1. d4 e6 2. e4 c5 3. d5 exd5 4.
exd5 d6 5. c4 Nf6 6. Nc3 g6 7. Bd3 Bg7 8. h3 O-O 9. Nf3 Re8+ 10. Be3 Na6 11. O-O Nc7 12. a4 Na6 13. Rc1 Nb4 14. Bb1 Bd7 15. Qd2 a6 16. Bf4 Qe7 17.
b3 Nh5 18. Bh2 Nf6 19. Rfe1 Qf8 20. Ng5 h6 21. Nge4 Nxe4 22. Nxe4 Be5 23. Bxe5 Rxe5 24.
Nf6+ Kg7 25. Nxd7 Rxe1+ 26. Rxe1 Qd8 27. Qc3+ f6 28. Nxf6 1-0

[Event "*** Titled Tuesday Blitz"]
[Site "Chess.com"]
[Date "2021.03.09"]
[Round "4"]
[White "AniJak"]
[Black "MaevskiyNikolay"]
[Result "0-1"]
[WhiteElo "2320"]
[BlackElo "2526"]
[TimeControl "180+1"]
[EndTime "10:39:52 PST"]
[Termination "MaevskiyNikolay won by resignation"]

1. e4 c5 2. Nf3 e6 3. d4 cxd4 4. Nxd4 Nf6 5. Nc3 Bb4 6. Bd3 Nc6 7. Nxc6 bxc6 8. O-O d5 9. e5 Nd7 10. f4 g6 11. Kh1 h5 12. Na4 Nb6 13. c3 Be7 14.
Be3 Bd7 15. Nc5 h4 16. Nb7 Qb8 17. Nd6+ Bxd6 18. exd6 Qxd6 19. Bd4 Rh5 20. Be2 Rh7 21. Bg4 c5 22. Be5 Qc6 23. Bf6 Nc4 24. Qe2 Kf8 25. b3 Nd6 26. c4 Ne4 27. cxd5 exd5 28. Be5 Re8 29. Rad1 Nc3 30. Bxd7 Qxd7 31. Qa6 Nxd1 32. Rxd1 h3 33. Qf6 hxg2+ 34. Kg1 Qh3 35. f5 Qe3+ 36.
Kxg2 Qe2+ 0-1

[Event "*** Titled Tuesday Blitz"]
[Site "Chess.com"]
[Date "2021.03.09"]
[Round "4"]
[White "Fighter008"]
[Black "rasmussvane"]
[Result "0-1"]
[WhiteElo "2616"]
[BlackElo "2950"]
[TimeControl "180+1"]
[EndTime "10:39:53 PST"]
[Termination "rasmussvane won by resignation"]

1. e4 c6 2. d4 d5 3. e5 Bf5 4.
Be3 e6 5. Nd2 Ne7 6. c3 Nd7 7.
f4 h5 8. Ngf3 Rc8 9. Be2 a6 10.
O-O Bg6 11. Bf2 Nf5 12. b4 Be7 13. Nb3 Qc7 14. a4 Nf8 15. Qd2 h4 16. Rfc1 Bh5 17.
c4 dxc4 18. Rxc4 Nd7 19. b5 axb5 20. axb5 Nb6 21. Rc2 h3 22. g3 O-O 23. Ng5 Bxe2 24. Qxe2 Bxg5 25. fxg5 Qd8 26. bxc6 Rxc6 27. Rxc6 bxc6 28.
Qg4 Qd5 29. Qxh3 Qxb3 30. Rf1 Nd5 31. Qh5 Nde3 32. Bxe3 Qxe3+ 33. Kg2 Nxd4 34. g6 Qe4+ 0-1

[Event "*** Titled Tuesday Blitz"]
[Site "Chess.com"]
[Date "2021.03.09"]
[Round "4"]
[White "Vyacheslav_N"]
[Black "beto-betun"]
[Result "1-0"]
[WhiteElo "2360"]
[BlackElo "2212"]
[TimeControl "180+1"]
[EndTime "10:39:53 PST"]
[Termination "Vyacheslav_N won on time"]

1. Nf3 c5 2. g3 Nc6 3. Bg2 g6 4. O-O Bg7 5. e4 e6 6. c3 Nge7 7. d4 cxd4 8. cxd4 d5 9. e5 O-O 10. Nc3 a6 11. Ne2 Nf5 12. h4 b5 13. h5 Bd7 14. Bg5 Qb6 15. g4 Nfe7 16. Bf6 gxh5 17.
Qd2 hxg4 18. Qg5 Ng6 19. Qxg4 Rac8 20. Nf4 Nxd4 21. Bxg7 Nxf3+ 22. Bxf3 Kxg7 23. Nh5+ Kh8 24. Nf6 Nxe5 25. Qh5 Nxf3+ 26. Kh1 Ng5 27. f4 d4 28. fxg5 Bc6+ 29. Kh2 Be4 30. Nxe4 Qc7+ 31. Kh3 Qe5 32. Nf6 Qe3+ 33. Rf3 1-0

[Event "*** Titled Tuesday Blitz"]
[Site "Chess.com"]
[Date "2021.03.09"]
[Round "4"]
[White "Azerichess"]
[Black "ShimanovAlex"]
[Result "1-0"]
[WhiteElo "2978"]
[BlackElo "2787"]
[TimeControl "180+1"]
[EndTime "10:39:55 PST"]
[Termination "Azerichess won by resignation"]

1. d4 b6 2. Nf3 Bb7 3. c4 Nf6 4. Nc3 e6 5. Bf4 g6 6. Qc2 Bg7 7. e4 d6 8. e5 Nh5 9. Bg5 f6 10. exf6 Bxf6 11. Be3 O-O 12. Be2 Nd7 13. O-O-O Bg7 14.
Ng5 Nf4 15. Bxf4 Rxf4 16. Nxe6 Qf6 17. Nxf4 Qxf4+ 18. Kb1 Bxg2 19. Rhg1 Bh3 20. Nd5 Qf7 21. Rg3 Bf5 22. Bd3 Bxd3 23. Qxd3 c6 24. Rf3 Qe6 25.
Nc7 1-0

[Event "*** Titled Tuesday Blitz"]
[Site "Chess.com"]
[Date "2021.03.09"]
[Round "4"]
[White "dennisodessa"]
[Black "Love_craft"]
[Result "0-1"]
[WhiteElo "2341"]
[BlackElo "2547"]
[TimeControl "180+1"]
[EndTime "10:39:56 PST"]
[Termination "Love_craft won by resignation"]

1. c4 e5 2. g3 d6 3. Bg2 g6 4. Nc3 Bg7 5. Nf3 Nc6 6. O-O Be6 7. d3 Nh6 8. Rb1 O-O 9. b4 f5 10. Ng5 Bc8 11. b5 Nd4 12. Bd5+ Kh8 13. e3 Qxg5 14. exd4 Qd8 15. dxe5 dxe5 16. f4 Ng4 17. Ne2 a6 18. a4 axb5 19. axb5 Ra2 20. Rb2 Rxb2 21. Bxb2 c6 22.
bxc6 bxc6 23. Bxc6 Qb6+ 24. Kh1 Qxc6+ 0-1

[Event "*** Titled Tuesday Blitz"]
[Site "Chess.com"]
[Date "2021.03.09"]
[Round "4"]
[White "CzechmVIII"]
[Black "rynos0411"]
[Result "0-1"]
[WhiteElo "2249"]
[BlackElo "2447"]
[TimeControl "180+1"]
[EndTime "10:39:56 PST"]
[Termination "rynos0411 won by checkmate"]

1. e4 c6 2. d4 d5 3. e5 Bf5 4.
Nc3 e6 5. g4 Bg6 6. Nge2 c5 7.
h4 h5 8. Nf4 Bh7 9. g5 Ne7 10.
Nb5 Ng6 11. Nd6+ Bxd6 12. exd6 Qxd6 13. Nxh5 Nc6 14. Nxg7+ Kf8 15. h5 Kxg7 16. hxg6 Bxg6 17. Rxh8 Rxh8 18. dxc5 Qxc5 19. Be3 d4 20. Bd2 Rh1 21.
Qf3 Qe5+ 22. Qe2 Bxc2 23. Rc1 Bd3 24. Qxe5+ Nxe5 25. Bf4 Nf3+ 26. Kd1 Rxf1# 0-1

[Event "*** Titled Tuesday Blitz"]
[Site "Chess.com"]
[Date "2021.03.09"]
[Round "4"]
[White "Kildepiotr"]
[Black "kakakz"]
[Result "0-1"]
[WhiteElo "2558"]
[BlackElo "2415"]
[TimeControl "180+1"]
[EndTime "10:39:57 PST"]
[Termination "kakakz won by resignation"]

1. Nf3 g6 2. g3 Bg7 3. d4 d6 4.
Bg2 Nd7 5. O-O e5 6. dxe5 dxe5 7. Nbd2 Ne7 8. e4 O-O 9. Qe2 Nc6 10. c3 Nc5 11. Nc4 Qd3 12. Qxd3 Nxd3 13. Rd1 Nxc1 14. Raxc1 Be6 15. Bf1 Rad8 16. a4 f6 17. b4 Bh6 18. Rb1 Rxd1 19. Rxd1 Rd8 20. Rxd8+ Nxd8 21. Na5 Bc1 22. Bc4 Kf7 23. Bxe6+ Kxe6 24. Nc4 a6 25. a5 Nf7 26. Kf1 Nd6 27. Nxd6 cxd6 28. Ke2 d5 29. exd5+ Kxd5 30. Kd1 Bh6 31. Kc2 Kc4 32. Ng1 f5 33. Ne2 Bg7 34. f3 e4 35.
fxe4 fxe4 36. Kd2 Bh6+ 37. Kc2 Bg7 38. Kd2 Be5 39. h3 e3+ 40. Kxe3 Bxc3 41. Kf4 Bxb4 42. Kg5 Bxa5 43. Kh6 Bd2+ 44. Kxh7 a5 45. Kxg6 a4 0-1

[Event "*** Titled Tuesday Blitz"]
[Site "Chess.com"]
[Date "2021.03.09"]
[Round "4"]
[White "louis198"]
[Black "losersgame"]
[Result "1-0"]
[WhiteElo "2596"]
[BlackElo "2361"]
[TimeControl "180+1"]
[EndTime "10:40:00 PST"]
[Termination "louis198 won on time"]

1. d4 Nf6 2. c4 Nc6 3. e3 e5 4. Nf3 Bb4+ 5. Bd2 Qe7 6. Be2 Bxd2+ 7. Nbxd2 d6 8. O-O O-O 9. Rc1 Bg4 10. h3 Bh5 11. c5 dxc5 12. dxc5 Rad8 13. Qc2 e4 14. a3 exf3 15. Bxf3 Bxf3 16. Nxf3 Ne5 17. Nd4 g6 18. b4 h5 19. b5 Rd5 20. Rfe1 Rfd8 21. f4 Ned7 22. c6 Rc5 23. Qb2 Rxc1 24. Qxc1 bxc6 25.
Nxc6 Qf8 26. Nxd8 Qxd8 27. a4 Nb6 28. a5 Nbd5 29. e4 Nb4 30. Qc4 Qe7 31. Rb1 c5 32. bxc6 1-0

[Event "*** Titled Tuesday Blitz"]
[Site "Chess.com"]
[Date "2021.03.09"]
[Round "4"]
[White "Mbneu"]
[Black "MasterKroket"]
[Result "0-1"]
[WhiteElo "2296"]
[BlackElo "2474"]
[TimeControl "180+1"]
[EndTime "10:40:00 PST"]
[Termination "MasterKroket won by resignation"]

1. d4 Nf6 2. c4 e6 3. Nc3 Bb4 4.
Bg5 h6 5. Bh4 c5 6. d5 exd5 7.
cxd5 d6 8. e3 Bf5 9. Bb5+ Nbd7 10.
Nf3 O-O 11. Bxd7 Bxd7 12. O-O Bf5 13. Ne2 Re8 14. Nf4 Re4 15. Nh5 Rxh4 16. Nxh4 Be4 17. a3 Ba5 18. b4 cxb4 19. axb4 Bb6 20. Nxf6+ Qxf6 21. Nf3 Qf5 22. Nd4 Qxd5 23. f3 Bg6 24. Qd2 Re8 25. Rad1 Kh7 26. Rfe1 a5 27. bxa5 Bxa5 28.
Qc2 Bxc2 0-1

[Event "*** Titled Tuesday Blitz"]
[Site "Chess.com"]
[Date "2021.03.09"]
[Round "4"]
[White "coco_crc"]
[Black "jens1102"]
[Result "0-1"]
[WhiteElo "2201"]
[BlackElo "2425"]
[TimeControl "180+1"]
[EndTime "10:40:00 PST"]
[Termination "jens1102 won by checkmate"]

1. e4 c6 2. Nf3 d5 3. Nc3 d4 4.
Ne2 c5 5. c3 Nc6 6. cxd4 cxd4 7.
Qa4 e5 8. Nxe5 Bd7 9. Nxd7 Qxd7 10. d3 Bb4+ 11. Bd2 Bxd2+ 12. Kxd2 Nf6 13. h3 O-O 14.
Ng3 Rac8 15. Be2 Rc7 16. Rhc1 Rfc8 17. Rc4 a6 18. Rc5 b6 19. Rcc1 b5 20. Qb3 Qd6 21. Ke1 g6 22. Kf1 Kg7 23. Qd1 Qf4 24. Kg1 h5 25.
Rc5 Nb4 26. Rxc7 Rxc7 27. a3 Nc2 28. Rc1 Ne3 29. fxe3 Qxe3+ 30. Kh2 Rxc1 31. Qb3 Qg1# 0-1

[Event "*** Titled Tuesday Blitz"]
[Site "Chess.com"]
[Date "2021.03.09"]
[Round "4"]
[White "guillembaches"]
[Black "GM_Crest"]
[Result "0-1"]
[WhiteElo "2459"]
[BlackElo "2774"]
[TimeControl "180+1"]
[EndTime "10:40:01 PST"]
[Termination "GM_Crest won on time"]

1. e4 e6 2. d4 d5 3. exd5 exd5 4.
Nf3 Bd6 5. c4 Nf6 6. Nc3 O-O 7.
cxd5 Re8+ 8. Be2 h6 9. O-O Nbd7 10. Bc4 Nb6 11. Bb3 Bg4 12. h3 Bh5 13. Qd3 Bg6 14.
Qd1 Bh5 15. Qd3 Bg6 16. Qd1 Ne4 17. Re1 Qf6 18. Be3 Rad8 19. Rc1 Nxc3 20. Rxc3 Bb4 21. Rxc7 Bxe1 22. Qxe1 Re7 23. Qc3 Be4 24. Ne5 Bxd5 25.
Qc5 Rxc7 26. Qxc7 Rc8 27. Qxc8+ Nxc8 28. Bxd5 Nd6 29. Nc4 Nf5 30. Ne5 Nd6 31. Nc4 b5 32. Nxd6 Qxd6 33. Bb3 a5 34. a4 Qb4 0-1

[Event "*** Titled Tuesday Blitz"]
[Site "Chess.com"]
[Date "2021.03.09"]
[Round "4"]
[White "volunteers1998"]
[Black "c_r_e_e_p_e_r"]
[Result "1-0"]
[WhiteElo "2201"]
[BlackElo "2398"]
[TimeControl "180+1"]
[EndTime "10:40:01 PST"]
[Termination "volunteers1998 won by checkmate"]

1. e4 c5 2. Nf3 e6 3. d4 cxd4 4. Nxd4 a6 5. Nc3 Qc7 6. Be2 Nf6 7. f3 Bb4 8. O-O Bxc3 9. bxc3 d5 10. Ba3 Qxc3 11. Qd3 Qxd3 12. Bxd3 e5 13. Nf5 Bxf5 14.
exf5 Nbd7 15. c4 d4 16. Rfe1 O-O-O 17. Be7 Rde8 18. Bd6 g6 19. Rab1 g5 20. c5 Rhg8 21. c6 bxc6 22. Bxa6+ Kd8 23. Rb7 Nd5 24. Reb1 Nc3 25.
R1b3 e4 26. Rc7 f6 27. Rc8# 1-0

[Event "*** Titled Tuesday Blitz"]
[Site "Chess.com"]
[Date "2021.03.09"]
[Round "4"]
[White "Andrii_Prydun"]
[Black "Olga_Girya"]
[Result "0-1"]
[WhiteElo "2275"]
[BlackElo "2461"]
[TimeControl "180+1"]
[EndTime "10:40:03 PST"]
[Termination "Olga_Girya won by resignation"]

1. d4 Nf6 2. Nc3 d5 3. Bf4 c5 4. e3 cxd4 5. exd4 Nc6 6. Nb5 e5 7. dxe5 Ne4 8. Qxd5 Bb4+ 9. c3 Qxd5 10. Nc7+ Kf8 11.
Nxd5 Bc5 12. Ne3 g5 13. Bg3 Bxe3 14. fxe3 Nxg3 15. hxg3 Nxe5 16. Nf3 Ng4 17. Nxg5 Bf5 18. Bc4 Nxe3 19. Bb3 f6 20. Kf2 Ng4+ 21. Ke2 Re8+ 22. Kd2 Rd8+ 23. Ke1 fxg5 24. Rf1 Kg7 25. Rxf5 Rhe8+ 0-1

[Event "*** Titled Tuesday Blitz"]
[Site "Chess.com"]
[Date "2021.03.09"]
[Round "4"]
[White "tlomigtlis"]
[Black "ulkaf961"]
[Result "1-0"]
[WhiteElo "2609"]
[BlackElo "2410"]
[TimeControl "180+1"]
[EndTime "10:40:04 PST"]
[Termination "tlomigtlis won by resignation"]

1. d4 d5 2. c4 e6 3. Nc3 a6 4. cxd5 exd5 5. Bf4 Nf6 6. Nf3 Bd6 7. Bg5 c6 8. e3 Bf5 9. Bd3 Bxd3 10. Qxd3 O-O 11.
O-O Nbd7 12. Rab1 b5 13. a4 b4 14. Ne2 Qc7 15. Ng3 Bxg3 16. hxg3 Ne4 17. Bf4 Qb7 18.
Rfc1 a5 19. Nd2 Ndf6 20. Nb3 Nd7 21. f3 Nef6 22. Nc5 Nxc5 23. Rxc5 Nd7 24. Rc2 Rfe8 25. Rbc1 h6 26. Rxc6 Nb6 27. Rc7 Qa6 28. Qf5 f6 29. Bxh6 Ra7 30. Qg6 Rxc7 31. Rxc7 1-0

[Event "*** Titled Tuesday Blitz"]
[Site "Chess.com"]
[Date "2021.03.09"]
[Round "4"]
[White "barbara25"]
[Black "jaskol95"]
[Result "1-0"]
[WhiteElo "2274"]
[BlackElo "2431"]
[TimeControl "180+1"]
[EndTime "10:40:05 PST"]
[Termination "barbara25 won on time"]

1. e4 e6 2. d4 d5 3. Bd3 c5 4. exd5 exd5 5. dxc5 Nf6 6. Nf3 Bxc5 7. O-O O-O 8. c4 dxc4 9. Bxc4 Nc6 10. Qxd8 Rxd8 11.
Nc3 Bg4 12. Ng5 Ne5 13. Bb3 h6 14. Nge4 Nxe4 15. Nxe4 Bb6 16. Bf4 Nd3 17. Bg3 Nxb2 18. Nd6 Rd7 19. Rab1 Nd3 20. Ba4 Re7 21. h3 Be6 22. a3 Rd8 23. Rfd1 Nc5 24. Bc2 1-0

[Event "*** Titled Tuesday Blitz"]
[Site "Chess.com"]
[Date "2021.03.09"]
[Round "4"]
[White "Skat2704"]
[Black "Alex-11211"]
[Result "1-0"]
[WhiteElo "2578"]
[BlackElo "2398"]
[TimeControl "180+1"]
[EndTime "10:40:07 PST"]
[Termination "Skat2704 won by resignation"]

1. d4 g6 2. c4 Bg7 3. Nc3 c5 4. d5 Nf6 5. Nf3 O-O 6. e4 d6 7. h3 e6 8. Bd3 exd5 9. cxd5 b5 10. Nxb5 Re8 11. Nc3 Nxe4 12. Nxe4 f5 13. Bg5 Qb6 14.
O-O fxe4 15. Re1 Bf5 16. Nh4 Nd7 17. Nxf5 gxf5 18. Bc2 Qxb2 19. Rb1 Qd4 20. Ba4 Nb6 21.
Bxe8 Rxe8 22. Qh5 Qe5 23. Bf4 Qxf4 24. Qxe8+ Bf8 25. Re3 Qh6 26. Rg3+ Kh8 27. Qf7 Bg7 28. Qxa7 Bd4 29. Qb8+ 1-0

[Event "*** Titled Tuesday Blitz"]
[Site "Chess.com"]
[Date "2021.03.09"]
[Round "4"]
[White "Mazanchenko_Dmitry"]
[Black "goldihouse"]
[Result "0-1"]
[WhiteElo "2152"]
[BlackElo "2560"]
[TimeControl "180+1"]
[EndTime "10:40:15 PST"]
[Termination "goldihouse won by resignation"]

1. e4 e6 2. d4 d5 3. Nc3 Nf6 4. Bg5 dxe4 5. Nxe4 Be7 6. Bxf6 gxf6 7. Nf3 f5 8. Nc3 a6 9. a3 Bf6 10. Bc4 b5 11.
Bb3 c5 12. dxc5 Qxd1+ 13. Nxd1 Nc6 14. c3 Be7 15. Nd4 Bb7 16. O-O Bxc5 17. Nxc6 Bxc6 18.
Ne3 Rg8 19. g3 f4 20. Nc2 fxg3 21. hxg3 Rxg3+ 22. Kh2 Rg2+ 23. Kh3 O-O-O 24. Ne3 Rg6 25. Ng4 Rdg8 26. f3 f5 27. Rae1 fxg4+ 28. fxg4 Rh6+ 29.
Kg3 Bd6+ 30. Kf2 Bd5 31. Bxd5 exd5 32. Rg1 Bc5+ 0-1

[Event "*** Titled Tuesday Blitz"]
[Site "Chess.com"]
[Date "2021.03.09"]
[Round "4"]
[White "Zhuu96"]
[Black "ErikBlomqvist"]
[Result "1-0"]
[WhiteElo "2864"]
[BlackElo "2577"]
[TimeControl "180+1"]
[EndTime "10:40:17 PST"]
[Termination "Zhuu96 won by resignation"]

1. e4 c5 2. Nf3 e6 3. d4 cxd4 4.
Nxd4 Nc6 5. Nc3 a6 6. g4 Nge7 7. h4 Nxd4 8. Qxd4 Nc6 9. Qe3 b5 10. Bd2 Bb7 11. O-O-O Rc8 12. f4 Na5 13. Kb1 b4 14.
Na4 Nc4 15. Qd4 Nxd2+ 16. Rxd2 d5 17. exd5 Qxd5 18. Qxd5 Bxd5 19. Bxa6 Rb8 20. Re1 Bc6 21. b3 Be7 22. h5 O-O 23. g5 Rfd8 24. Rxd8+ Rxd8 25. Nb2 Rd2 26. g6 Rf2 27. gxf7+ Kxf7 28. Nd3 1-0

[Event "*** Titled Tuesday Blitz"]
[Site "Chess.com"]
[Date "2021.03.09"]
[Round "4"]
[White "Goryachkina"]
[Black "Vasily85"]
[Result "1-0"]
[WhiteElo "2672"]
[BlackElo "2415"]
[TimeControl "180+1"]
[EndTime "10:40:18 PST"]
[Termination "Goryachkina won by resignation"]

1. Nf3 c5 2. e4 e6 3. c3 Nf6 4. e5 Nd5 5. Bc4 d6 6. d4 cxd4 7. cxd4 Nc6 8. O-O Be7 9. Bd2 O-O 10.
Nc3 Nxc3 11. Bxc3 b6 12. d5 exd5 13. Bxd5 Bb7 14. Nd4 Rc8 15. exd6 Bf6 16. Nf5 g6 17.
Bxf6 Qxf6 18. Bxc6 Bxc6 19. Ne7+ Kg7 20. Nxc8 Rxc8 21.
Rc1 Qe6 22. Qd4+ Kg8 23. Rxc6 Rxc6 24. d7 Rd6 25. d8=Q+ 1-0

[Event "*** Titled Tuesday Blitz"]
[Site "Chess.com"]
[Date "2021.03.09"]
[Round "4"]
[White "Diamantidis_13"]
[Black "ValeriyGrinev"]
[Result "0-1"]
[WhiteElo "2370"]
[BlackElo "2569"]
[TimeControl "180+1"]
[EndTime "10:40:18 PST"]
[Termination "ValeriyGrinev won on time"]

1. c3 d5 2. d4 Bf5 3. Bf4 e6 4.
Nd2 c5 5. e3 Nc6 6. Ngf3 Nf6 7.
Bb5 Nd7 8. O-O Be7 9. Bxc6 bxc6 10. Qa4 Qb6 11. Nb3 c4 12. Na5 Rc8 13. b4 O-O 14.
Ne5 Nxe5 15. Bxe5 f6 16. Bg3 Rfe8 17. f3 Bf8 18. e4 dxe4 19. Nxc4 Qb5 20. Qb3 exf3 21. Rxf3 Be4 22. Na3 Qe2 23. Rf2 Qe3 24. Bf4 Qd3 25. Qc4 a5 0-1

[Event "*** Titled Tuesday Blitz"]
[Site "Chess.com"]
[Date "2021.03.09"]
[Round "4"]
[White "DenLaz"]
[Black "Brave_spirit12"]
[Result "0-1"]
[WhiteElo "2823"]
[BlackElo "2590"]
[TimeControl "180+1"]
[EndTime "10:40:21 PST"]
[Termination "Brave_spirit12 won by resignation"]

1. d4 Nf6 2. c4 e6 3. Nf3 d5 4.
Nc3 Be7 5. Bg5 O-O 6. e3 c6 7.
Bd3 h6 8. Bh4 a6 9. cxd5 exd5 10. h3 Re8 11. O-O Ne4 12. Bxe7 Qxe7 13. Qc2 Bf5 14.
Rab1 Nd7 15. Rfc1 Rac8 16. Ne2 c5 17. Nc3 Ndf6 18. dxc5 Rxc5 19. Nd4 Bg6 20. Qe2 Rec8 21. Bxe4 Nxe4 22. Qe1 Nxc3 23. bxc3 Bxb1 24. Rxb1 Rxc3 25.
Qd1 Qc7 26. Qg4 Rc1+ 27. Rxc1 Qxc1+ 28. Kh2 Qc7+ 29. g3 g6 30. Qf3 Qe5 31. Qd1 b5 32. h4 Rc4 33. Qf3 Rc1 34. Qg4 Qe4 0-1